 Dungeon Crawl Stone Soup version 0.16.2-12-gd0ad4c3 (webtiles) character file.

42440 Peloso the Peltast (level 13, -52/113 (116) HPs)
             Began as a Minotaur Fighter on Nov 5, 2015.
             Was the Champion of Okawaru.
             Annihilated by a large abomination (87 damage)
             ... on level 2 of the Abyss.
             The game lasted 01:04:00 (16207 turns).

Peloso the Peltast (Minotaur Fighter)              Turns: 16207, Time: 01:04:00

HP:   -52/113 (116) AC: 26    Str: 19    XL:     13   Next: 85%
MP:   14/14         EV: 13    Int:  5    God:    Okawaru [******]
Gold: 1899          SH: 10    Dex: 16    Spells: 0 memorised, 12 levels left

rFire  + . .     SeeInvis +     a - +1 long sword
rCold  . . .     Rnd*Rage +     Z - +7 chain mail of Okawaru's Wrath {rElec rN+ MP+9 Str-5}
rNeg   + . .     SustAb   .     N - +2 buckler {AC+3}
rPois  .         Gourm    +     m - +1 hat {SInv}
rElec  +         Spirit   .     P - +2 cloak
rCorr  .         Warding  .     o - +0 pair of gloves
rMut   .         Stasis   .     E - +1 pair of boots of the Seven Runes {rElec Str+2}
MR     .....                    j - amulet of the gourmand
Stlth  ..........               s - +4 ring of dexterity
                                v - +5 ring of slaying

@: drained, not resistant to hostile enchantments, extremely unstealthy
A: retaliatory headbutt, horns 2, berserk 1, deformed body, fire resistance 1,
weak 1
a: Heroism, Finesse, Renounce Religion


You were on level 2 of the Abyss.
You worshipped Okawaru.
Okawaru was exalted by your worship.
You were not hungry.

You visited 3 branches of the dungeon, and saw 19 of its levels.
You visited the Abyss 1 time.

You collected 1899 gold pieces.

Inventory:

Hand weapons
 a - a +1 long sword (weapon)
 n - the +2 spear of Asoc Ung {flame, rPois rC+ rN++ Int-2}
   (You took it off a goblin on level 7 of the Dungeon)

   It has been specially enchanted to burn those struck by it, causing extra
   injury to most foes and up to half again as much damage against particularly
   susceptible opponents.
   It affects your intelligence (-2).
   It protects you from cold.
   It protects you from poison.
   It greatly protects you from negative energy.
 C - the +10 whip of the Four Blessings {vamp, SInv}
   (You found it on level 13 of the Dungeon)

   It inflicts no extra harm, but heals its wielder somewhat when it strikes a
   living foe.
   It enhances your eyesight.
 Q - a cursed +2 scimitar
 R - the +5 hand crossbow "Tublei" {elec, rF- MP+9 Int+3 Stlth+, unknown}
   (Okawaru gifted it to you on level 14 of the Dungeon)

   It charges the ammunition it shoots with electricity; occasionally upon a
   hit, such missiles may discharge and cause terrible harm.
   It affects your intelligence (+3).
   It makes you vulnerable to fire.
   It affects your magic capacity (+9).
   It makes you more stealthy.
Missiles
 X - 5 poisoned javelins (quivered)
Armour
 m - a +1 hat of see invisible (worn)
 o - a +0 pair of gloves (worn)
 p - a +3 shield
 y - a +1 plate armour of cold resistance
 E - the +1 pair of boots of the Seven Runes (worn) {rElec Str+2}
   (Okawaru gifted it to you on level 13 of the Dungeon)

   It affects your strength (+2).
   It insulates you from electricity.
 N - a +2 buckler of protection (worn)
 P - a +2 cloak (worn)
 U - a +0 shield of reflection
 Z - the +7 chain mail of Okawaru's Wrath (worn) {rElec rN+ MP+9 Str-5}
   (Okawaru gifted it to you on level 13 of the Dungeon)

   It affects your strength (-5).
   It insulates you from electricity.
   It protects you from negative energy.
   It affects your magic capacity (+9).
Jewellery
 j - an amulet of the gourmand (around neck)
 s - a +4 ring of dexterity (right hand)
 u - an uncursed ring of ice
 v - a +5 ring of slaying (left hand)
 G - an uncursed ring of poison resistance
 J - an uncursed ring of teleport control
 K - an uncursed amulet of stasis
Magical devices
 f - a wand of polymorph (11)
 i - a wand of draining (3)
 A - a wand of digging (13)
 B - a wand of heal wounds (2)
 D - a wand of digging (11)
Scrolls
 b - 3 scrolls of fog
 c - 4 scrolls of fear
 g - 4 scrolls of enchant weapon
 h - 2 scrolls of identify
 l - 2 scrolls of recharging
 w - 4 scrolls of magic mapping
 O - a scroll of blinking
 S - a scroll of enchant armour
Potions
 e - 3 potions of might
 k - 5 potions of curing
 r - a potion of invisibility
 z - a potion of agility
 F - a potion of restore abilities
 I - a potion of brilliance
 L - a potion of cancellation {unknown}
 M - a potion of flight
 T - a potion of haste
 W - a potion of magic {unknown}
Comestibles
 d - 15 bread rations
 q - 5 meat rations
 t - 5 beef jerkies
 x - 14 fruits
 H - 2 slices of pizza
 V - a chunk of flesh


   Skills:
 + Level 11.5(11.3) Fighting
 + Level 12.7(12.5) Long Blades
 + Level 5.8(5.6) Polearms
 + Level 12.0(11.8) Armour
 + Level 9.0(8.9) Dodging
 + Level 1.2(1.1) Stealth
 + Level 16.5(16.3) Shields


You had 12 spell levels left.
You didn't know any spells.

Dungeon Overview and Level Annotations

Branches:
Dungeon (14/15)            Temple (1/1) D:6            Lair (0/8) D:8
    Orc (4/4) D:10            Elf (0/3) Orc:3        Vaults (0/5) D:13

Altars:
Ashenzari
Cheibriados
Dithmenos
Elyvilon
Fedhas
Gozag
Kikubaaqudgha
Nemelex Xobeh
Okawaru
Qazlal
Ru
Sif Muna
Xom
Yredelemnul
Zin
The Shining One

Shops:
D:5 ?   Orc:2 }

Portals:
Trove: D:11 (give wand of hasting (8))


Innate Abilities, Weirdness & Mutations

You reflexively headbutt those who attack you in melee.
You have a pair of horns on your head.
Your flesh is heat resistant.
You are weak. (Str -2)
[You tend to lose your temper in combat.]
[Armour fits poorly on your strangely shaped body.]


Message History

The lich is lightly damaged.
The lich touches you but does no damage.
You swing at nothing.
The lich touches you but does no damage.
You barely miss the lich. You headbutt the lich.
The lich is lightly damaged.
Drink which item? (? for menu, Esc to quit)
You feel better.
You hit the large abomination. You headbutt the large abomination.
The large abomination is lightly damaged.
The lich touches you. You partially resist.
You feel drained.
You hit the lich but do no damage.
The lich is lightly damaged.
The large abomination barely misses you.
The lich casts a spell at you.
You fall asleep.
The lich touches you but does no damage.
The large abomination hits you!!!!
You wake up.
Ouch! That really hurt!
You die...

.## . ..#
..## ....#
....# ≈≈ ...#
≈≈≈ ##..##≈ ≈
## # #@L..#
#..# #
###X..# ≈ # #
# .. .
..#.####≈≈.#
.(..
..#.#.#≈# # #
### .......
......# ###
#. ....# #?X
#.... .#.# #
...........##
# .≈#.# ....#
. ..# #### ##
# . ... ..
≈.#


You could see a lich and a large abomination.

Vanquished Creatures
  Donald (Orc:3)
  3 vault guards
  Fannar (D:13)
  A hydra (D:13)
  2 centaur warriors
  An ogre mage (Orc:4)
  3 tengu warriors
  A deep elf knight (D:13)
  2 unseen horrors
  4 hill giants
  3 wizards (D:13)
  Pikel (D:6)
  An orc knight (Orc:3)
  2 griffons
  A necromancer (D:13)
  6 ugly things
  2 cyclopes
  A manticore (D:12)
  2 gargoyles
  Joseph (Orc:3)
  3 centaur skeletons
  Psyche (D:8)
  A tengu conjurer (D:13)
  4 trolls
  4 slime creatures (D:12)
  6 two-headed ogres
  10 ravens
  A flying skull (Abyss:1)
  3 deep elf magi
  2 wraiths
  17 humans
  A spriggan (D:7)
  2 shadows
  Eustachio (D:8)
  4 wyverns
  9 yaks
  2 hungry ghosts (D:9)
  2 hippogriffs
  A warg (Orc:3)
  2 mottled dragons
  11 orc warriors
  3 phantoms
  8 ice beasts
  2 wasps
  2 sky beasts
  A black bear (D:11)
  2 necrophages (D:10)
  4 crocodiles
  An eye of draining (D:9)
  Duvessa (D:9)
  7 ogres
  11 centaurs
  11 giant frogs
  A water moccasin zombie (D:6)
  4 big kobolds
  A wyvern skeleton (D:9)
  15 wights
  3 vampire bats (D:6)
  18 killer bees
  6 crimson imps
  2 giant frog zombies
  A centaur zombie (D:5)
  7 hounds
  Dowan (D:9)
  3 goliath beetles
  3 human zombies (D:13)
  3 giant frog skeletons
  7 jellies
  12 orc priests
  2 quasits
  12 worker ants
  25 orc wizards
  3 iguanas
  2 hound zombies
  A hound skeleton (D:6)
  2 mummies (D:12)
  8 adders
  3 gnolls (D:8)
  3 shadow imps
  3 giant mites
  4 worms
  3 adder zombies
  An adder skeleton (D:4)
  5 giant geckos
  2 oozes
  133 orcs
  4 bat skeletons (D:6)
  3 bat zombies
  3 giant cockroaches
  17 goblins
  22 hobgoblins
  26 jackals
  33 kobolds
  3 quokkas
  17 bats
  A giant gecko skeleton (D:4)
  2 giant newts
  A quokka skeleton (D:4)
  A quokka zombie (D:5)
  13 rats
  2 ballistomycetes (D:11)
  A plant (D:12)
627 creatures vanquished.

Vanquished Creatures (others)
  An orc wizard (D:7)
  An orc (D:11)
  A bat zombie (D:6)
  A giant spore (D:11)
  A lurking horror (Abyss:1)
  A plant (D:12)
6 creatures vanquished.

Grand Total: 633 creatures vanquished

Notes
Turn   | Place    | Note
--------------------------------------------------------------
     0 | D:1      | Peloso, the Minotaur Fighter, began the quest for the Orb.
     0 | D:1      | Reached XP level 1. HP: 19/19 MP: 1/1
   115 | D:1      | Reached skill level 4 in Shields
   118 | D:1      | Reached XP level 2. HP: 14/27 MP: 1/1
   613 | D:2      | Reached XP level 3. HP: 15/33 MP: 2/2
   630 | D:2      | Found a shattered altar of Ashenzari.
  1296 | D:3      | Reached XP level 4. HP: 15/40 MP: 2/2
  1356 | D:3      | Found a stormy altar of Qazlal.
  1750 | D:4      | Reached skill level 1 in Dodging
  1753 | D:4      | Reached XP level 5. HP: 29/46 MP: 2/2
  1861 | D:4      | Reached skill level 5 in Armour
  2137 | D:4      | Reached skill level 5 in Shields
  2438 | D:5      | Entered Level 5 of the Dungeon
  2445 | D:5      | Noticed an ogre
  2548 | D:5      | Killed an ogre
  2548 | D:5      | Reached skill level 5 in Fighting
  2548 | D:5      | Reached XP level 6. HP: 23/56 MP: 3/3
  2600 | D:5      | Noticed a centaur
  2607 | D:5      | Killed a centaur
  2620 | D:5      | Noticed a phantom
  2661 | D:5      | Killed a phantom
  2661 | D:5      | Reached XP level 7. HP: 15/61 MP: 3/3
  2866 | D:5      | Noticed an ogre
  2876 | D:5      | Killed an ogre
  2876 | D:5      | Reached skill level 6 in Shields
  3172 | D:5      | Found a basalt altar of Yredelemnul.
  3211 | D:5      | Found Trys' Magic Scroll Boutique.
  3304 | D:5      | Noticed a centaur
  3306 | D:5      | Found an opulent altar of Gozag.
  3310 | D:5      | Killed a centaur
  3332 | D:5      | Reached skill level 5 in Long Blades
  3848 | D:6      | Reached skill level 7 in Shields
  3848 | D:6      | Reached XP level 8. HP: 66/70 MP: 3/3
  3866 | D:6      | Found a staircase to the Ecumenical Temple.
  3881 | Temple   | Entered the Ecumenical Temple
  3922 | Temple   | Became a worshipper of Warmaster Okawaru
  4138 | D:6      | Noticed Pikel
  4151 | D:6      | Killed Pikel
  4151 | D:6      | Acquired Okawaru's first power
  4212 | D:6      | Found an ancient bone altar of Kikubaaqudgha.
  4223 | D:6      | Reached skill level 8 in Shields
  4432 | D:7      | Found a deep blue altar of Sif Muna.
  4672 | D:7      | Reached XP level 9. HP: 49/78 MP: 4/4
  4690 | D:7      | Found a shimmering altar of Xom.
  4713 | D:7      | Reached skill level 9 in Shields
  4776 | D:7      | Got an iridescent spear
  4788 | D:7      | Identified the cursed +2 spear of Asoc Ung {flame, rPois rC+ rN++ Int-2} (You took it off a goblin on level 7 of the Dungeon)
  5320 | D:8      | Noticed Eustachio
  5341 | D:8      | Killed Eustachio
  5341 | D:8      | Reached skill level 1 in Polearms
  5436 | D:8      | Found a shadowy altar of Dithmenos.
  5513 | D:8      | Found a staircase to the Lair.
  5520 | D:8      | Noticed Psyche
  5527 | D:8      | Killed Psyche
  5527 | D:8      | Reached skill level 5 in Dodging
  5527 | D:8      | Reached skill level 10 in Shields
  6045 | D:9      | Reached XP level 10. HP: 86/86 MP: 4/4
  6051 | D:9      | Found a blossoming altar of Fedhas.
  6428 | D:9      | Noticed Dowan
  6434 | D:9      | Killed Dowan
  6453 | D:9      | Noticed Duvessa
  6458 | D:9      | Killed Duvessa
  6727 | D:10     | Entered Level 10 of the Dungeon
  6823 | D:10     | Acquired Okawaru's second power
  6895 | D:10     | Found a staircase to the Orcish Mines.
  6986 | D:10     | Reached skill level 11 in Shields
  7240 | D:10     | Noticed a hill giant
  7253 | D:10     | Killed a hill giant
  7685 | D:11     | Received a gift from Okawaru
  7685 | D:11     | Reached XP level 11. HP: 53/91 MP: 4/4
  7848 | D:11     | Noticed a centaur warrior
  7865 | D:11     | Killed a centaur warrior
  7865 | D:11     | Reached skill level 12 in Shields
  8216 | D:11     | Noticed a vault guard
  8223 | D:11     | Killed a vault guard
  8328 | D:11     | Found a portal to a secret trove of treasure.
  8512 | D:11     | Paralysed by a wasp for 1 turns
  8514 | D:11     | Reached skill level 10 in Armour
  8687 | D:11     | Reached skill level 10 in Long Blades
  8878 | D:12     | Reached skill level 13 in Shields
  9489 | D:12     | Received a gift from Okawaru
  9862 | D:12     | Reached XP level 12. HP: 34/102 MP: 5/5
 10031 | D:12     | Noticed a hill giant
 10042 | D:12     | Killed a hill giant
 10368 | D:13     | Received a gift from Okawaru
 10375 | D:13     | Got a faintly humming chain mail {god gift}
 10386 | D:13     | Identified the +7 chain mail of Okawaru's Wrath {rElec rN+ MP+9 Str-5} (Okawaru gifted it to you on level 13 of the Dungeon)
 10431 | D:13     | Noticed an eight-headed hydra
 11067 | D:13     | Reached skill level 10 in Fighting
 11389 | D:13     | Reached skill level 14 in Shields
 11431 | D:13     | Reached skill level 1 in Stealth
 12094 | D:13     | Reached skill level 5 in Polearms
 12136 | D:13     | Noticed Fannar
 12163 | D:13     | Killed Fannar
 12247 | D:13     | Reached skill level 15 in Shields
 12307 | D:13     | Received a gift from Okawaru
 12310 | D:13     | Got a pair of polished boots {god gift}
 12316 | D:13     | Identified the +1 pair of boots of the Seven Runes {rElec Str+2} (Okawaru gifted it to you on level 13 of the Dungeon)
 12468 | D:13     | Killed a 16-headed hydra
 12717 | D:13     | Got an ancient whip
 12718 | D:13     | Identified the +10 whip of the Four Blessings {vamp, SInv} (You found it on level 13 of the Dungeon)
 12724 | D:13     | Found a gate to the Vaults.
 12724 | D:13     | Noticed a vault guard
 12724 | D:13     | Noticed a vault guard
 12724 | D:13     | Noticed a vault guard
 12738 | D:13     | Reached XP level 13. HP: 100/111 MP: 5/5
 13039 | D:13     | Killed a vault guard
 13159 | D:13     | Killed a vault guard
 13353 | D:14     | Reached skill level 16 in Shields
 13690 | D:14     | Received a gift from Okawaru
 13693 | D:14     | Got a bloodstained hand crossbow {god gift}
 14157 | Orc:1    | Entered Level 1 of the Orcish Mines
 14393 | Orc:2    | Found Weneaz's Quality Used Wands.
 14781 | Orc:3    | Found a staircase to the Elven Halls.
 14987 | Orc:3    | Noticed Donald
 15031 | Orc:3    | Killed Donald
 15094 | Orc:3    | Noticed Joseph
 15111 | Orc:3    | Killed Joseph
 15987 | Orc:4    | Entered Level 4 of the Orcish Mines
 16050 | Orc:4    | Cast into the Abyss (an ogre mage)
 16072 | Abyss:1  | Gained mutation: Your flesh is heat resistant. [a neqoxec]
 16074 | Abyss:1  | Gained mutation: You are weak. (Str -2) [a neqoxec]
 16188 | Abyss:2  | Noticed a lich
 16207 | Abyss:2  | Annihilated by a large abomination

Action                   |  1- 3 |  4- 6 |  7- 9 | 10-12 | 13-15 || total
-------------------------+-------+-------+-------+-------+-------++-------
Melee: Long sword        |   115 |   140 |   161 |   625 |   554 ||  1595
       Spear             |       |       |   137 |   182 |       ||   319
Invok: Heroism           |       |       |       |     2 |     2 ||     4
  Use: Scroll            |       |       |    19 |    10 |     2 ||    31
       Potion            |       |       |       |     1 |     2 ||     3
 Stab: Sleeping          |       |       |       |       |     1 ||     1
  Eat: Chunk             |       |     6 |    19 |    25 |    14 ||    64
       Fruit             |       |       |     1 |       |       ||     1
